| TOP OF THE 1ST |
|
Staten Island Yankees batting - Pitching for Vermont Lake Monsters : RHP Mike Kirk
|
|
Pitching: RHP Mike Kirk
|
|
|
Batting: LHB Carlos Palau
|
0-0: Ball 1-0: Ball 2-0: SINGLE (Groundball, 6D, EV 97.5 MPH)
|
|
Batting: RHB Norimoto Miyanishi
|
0-0: Foul Ball, location: 2F 0-1: Called Strike 0-2: Ball 1-2: Foul Ball, location: 2F 1-2: Strikes out swinging
|
|
Batting: LHB Justin Short
|
0-0: Ball 1-0: Ball 2-0: Foul Ball, location: 2F 2-1: Swinging Strike 2-2: Hit by Pitch Carlos Palau to second
|
|
Batting: RHB Pat Pemberton
|
0-0: Ball Wild Pitch! Carlos Palau to third Justin Short to second 1-0: Ball 2-0: Foul Ball, location: 2F 2-1: Foul Ball, location: 2F 2-2: Strikes out looking
|
|
Batting: RHB Brad Wren
|
0-0: Called Strike 0-1: Swinging Strike 0-2: Ball 1-2: Ball 2-2: Foul Ball, location: 2F 2-2: SINGLE (Flyball, 78S, EV 96.9 MPH) Carlos Palau scores Justin Short to third Runner from 3rd tries for Home, SAFE, throw by LF to home
|
|
Batting: SHB Adam Slade
|
Pickoff Throw to First - Out! 1-3
|
| Top of the 1st over - 2 runs, 2 hits, 0 errors, 0 left on base; Staten Island 2 - Vermont 0 |
| BOTTOM OF THE 1ST |
|
Vermont Lake Monsters batting - Pitching for Staten Island Yankees : RHP Nick Peters
|
|
Pitching: RHP Nick Peters
|
|
|
Batting: RHB Alberto Malagon
|
0-0: Ball 1-0: Fly out, F8 (Flyball, 78M, EV 88.8 MPH)
|
|
Batting: RHB Tetsuya Shinoda
|
0-0: Swinging Strike 0-1: Foul Ball, location: 2F 0-2: Ball 1-2: Ball 2-2: Strikes out swinging
|
|
Batting: RHB Ryan Jennings
|
0-0: Ball 1-0: Ball 2-0: Swinging Strike 2-1: Foul Ball, location: 2F 2-2: SINGLE (Line Drive, 6MD, EV 102.5 MPH)
|
|
Batting: LHB Felipe Gomez
|
0-0: Ball 1-0: SINGLE (Groundball, 34D, EV 106.2 MPH) (infield hit) Ryan Jennings to second
|
|
Batting: RHB Amare Brown
|
0-0: Called Strike 0-1: Swinging Strike 0-2: Ball 1-2: Strikes out swinging
|
| Bottom of the 1st over - 0 runs, 2 hits, 0 errors, 2 left on base; Staten Island 2 - Vermont 0 |
| TOP OF THE 2ND |
|
Staten Island Yankees batting - Pitching for Vermont Lake Monsters : RHP Mike Kirk
|
|
Batting: SHB Adam Slade
|
0-0: Ball 1-0: Ball 2-0: Ground out U3 (Groundball, 3, EV 84.4 MPH)
|
|
Batting: RHB Jesus Ruiz
|
0-0: Ground out 5-3 (Groundball, 56, EV 101.2 MPH)
|
|
Batting: LHB Danny de Leon
|
0-0: Hit by Pitch
|
|
Batting: RHB Danny Ayala
|
0-0: DOUBLE (Flyball, 9LM, EV 95.0 MPH) Danny de Leon to third Runner from 3rd tries for Home, SAFE, no throw by RF
|
|
Batting: LHB Carlos Palau
|
0-0: Ball 1-0: Fly out, F9 (Flyball, 89M, EV 83.8 MPH)
|
| Top of the 2nd over - 1 run, 1 hit, 0 errors, 1 left on base; Staten Island 3 - Vermont 0 |
| BOTTOM OF THE 2ND |
|
Vermont Lake Monsters batting - Pitching for Staten Island Yankees : RHP Nick Peters
|
|
Batting: RHB Edgardo Rivera
|
0-0: Swinging Strike 0-1: Swinging Strike 0-2: Strikes out swinging
|
|
Batting: SHB Steve Salafia
|
0-0: Ball 1-0: Foul Ball, location: 2F 1-1: Swinging Strike 1-2: Foul Ball, location: 2F 1-2: Foul Ball, location: 2F 1-2: Foul Ball, location: 2F 1-2: Foul Ball, location: 2F 1-2: Ball 2-2: Ball 3-2: Base on Balls
|
|
Batting: RHB Jon Coleman
|
0-0: Fly out, F8 (Flyball, 89M, EV 81.2 MPH)
|
|
Batting: SHB Berthold Frey
|
0-0: Called Strike 0-1: Foul Ball, location: 2F 0-2: Ball 1-2: Ball 2-2: Ball 3-2: Base on Balls Steve Salafia to second
|
|
Batting: RHB Alberto Malagon
|
0-0: Ball 1-0: Ball 2-0: Called Strike 2-1: Ball 3-1: Foul Ball, location: 2F 3-2: Foul Ball, location: 2F 3-2: Strikes out swinging
|
| Bottom of the 2nd over - 0 runs, 0 hits, 0 errors, 2 left on base; Staten Island 3 - Vermont 0 |
| TOP OF THE 3RD |
|
Staten Island Yankees batting - Pitching for Vermont Lake Monsters : RHP Mike Kirk
|
|
Batting: RHB Norimoto Miyanishi
|
0-0: Swinging Strike 0-1: Ball 1-1: Foul Ball, location: 2F 1-2: Ball 2-2: Strikes out swinging
|
|
Batting: LHB Justin Short
|
0-0: SINGLE (Line Drive, 8LS, EV 97.5 MPH)
|
|
Batting: RHB Pat Pemberton
|
0-0: Fly out, F8 (Flyball, 8RD, EV 85.6 MPH)
|
|
Batting: RHB Brad Wren
|
0-0: Ball 1-0: Foul Ball, location: 2F 1-1: Swinging Strike 1-2: Strikes out looking
|
| Top of the 3rd over - 0 runs, 1 hit, 0 errors, 1 left on base; Staten Island 3 - Vermont 0 |
| BOTTOM OF THE 3RD |
|
Vermont Lake Monsters batting - Pitching for Staten Island Yankees : RHP Nick Peters
|
|
Batting: RHB Tetsuya Shinoda
|
0-0: Ball 1-0: Called Strike 1-1: SINGLE (Line Drive, 56, EV 102.5 MPH)
|
|
Batting: RHB Ryan Jennings
|
0-0: Called Strike 0-1: Ball 1-1: Hit by Pitch Tetsuya Shinoda to second
|
|
Batting: LHB Felipe Gomez
|
0-0: Called Strike 0-1: Ball 1-1: Called Strike 1-2: Ball 2-2: Strikes out swinging
|
|
Batting: RHB Amare Brown
|
0-0: Called Strike 0-1: Ball 1-1: Foul Ball, location: 2F 1-2: Fielders Choice at 2nd, 6-4 (Groundball, 6, EV 88.1 MPH) Tetsuya Shinoda to third
|
|
Batting: RHB Edgardo Rivera
|
0-0: Ball 1-0: Foul Ball, location: 2F 1-1: Ball 2-1: Ball 3-1: Base on Balls Amare Brown to second
|
|
Batting: SHB Steve Salafia
|
0-0: Ball 1-0: Ball 2-0: Called Strike 2-1: DOUBLE (Line Drive, 8LD, EV 100.0 MPH) Tetsuya Shinoda scores Amare Brown scores Edgardo Rivera to third Runner from 3rd tries for Home, SAFE, throw by CF to home
|
|
Batting: RHB Jon Coleman
|
0-0: Called Strike 0-1: Ball 1-1: Called Strike 1-2: Ball 2-2: Strikes out swinging
|
| Bottom of the 3rd over - 3 runs, 2 hits, 0 errors, 1 left on base; Staten Island 3 - Vermont 3 |
| TOP OF THE 4TH |
|
Staten Island Yankees batting - Pitching for Vermont Lake Monsters : RHP Mike Kirk
|
|
Batting: SHB Adam Slade
|
0-0: Swinging Strike 0-1: Ball 1-1: Ball 2-1: Fly out, F7 (Flyball, 7, EV 81.9 MPH)
|
|
Batting: RHB Jesus Ruiz
|
0-0: Ground out 6-3 (Groundball, 56, EV 88.1 MPH)
|
|
Batting: LHB Danny de Leon
|
0-0: Ball 1-0: Ball 2-0: Ball 3-0: Called Strike 3-1: Ground out U3 (Groundball, 34S, EV 88.8 MPH)
|
| Top of the 4th over - 0 runs, 0 hits, 0 errors, 0 left on base; Staten Island 3 - Vermont 3 |
| BOTTOM OF THE 4TH |
|
Vermont Lake Monsters batting - Pitching for Staten Island Yankees : RHP Nick Peters
|
|
Batting: SHB Berthold Frey
|
0-0: Ball 1-0: Ball 2-0: Fly out, F4 (Line Drive, 4, EV 69.4 MPH)
|
|
Batting: RHB Alberto Malagon
|
0-0: Ball 1-0: Foul Ball, location: 2F 1-1: SINGLE (Groundball, 6MD, EV 105.6 MPH)
|
|
Batting: RHB Tetsuya Shinoda
|
0-0: Ball 1-0: Called Strike 1-1: Called Strike 1-2: Foul Ball, location: 2F 1-2: Ball 2-2: SINGLE (Groundball, 56D, EV 109.4 MPH) Alberto Malagon to second
|
|
Batting: RHB Ryan Jennings
|
0-0: Foul Ball, location: 2F 0-1: Ball 1-1: Ball Alberto Malagon is caught stealing 3rd base 2-5 2-1: Swinging Strike 2-2: Foul Ball, location: 2F 2-2: Ball 3-2: Strikes out swinging
|
| Bottom of the 4th over - 0 runs, 2 hits, 0 errors, 1 left on base; Staten Island 3 - Vermont 3 |
| TOP OF THE 5TH |
|
Staten Island Yankees batting - Pitching for Vermont Lake Monsters : RHP Mike Kirk
|
|
Batting: RHB Danny Ayala
|
0-0: Swinging Strike 0-1: Ball 1-1: SINGLE (Groundball, 56D, EV 99.4 MPH)
|
|
Batting: LHB Carlos Palau
|
0-0: Ball 1-0: Called Strike 1-1: Ball 2-1: Ground out 4-3 (Groundball, 34D, EV 101.9 MPH) Danny Ayala to second
|
|
Batting: RHB Norimoto Miyanishi
|
0-0: Foul Ball, location: 2F 0-1: Foul Ball, location: 2F 0-2: Strikes out swinging
|
|
Batting: LHB Justin Short
|
0-0: Ball 1-0: Ball 2-0: Called Strike 2-1: Foul Ball, location: 2F 2-2: Strikes out swinging
|
| Top of the 5th over - 0 runs, 1 hit, 0 errors, 1 left on base; Staten Island 3 - Vermont 3 |
| BOTTOM OF THE 5TH |
|
Vermont Lake Monsters batting - Pitching for Staten Island Yankees : RHP Nick Peters
|
|
Batting: LHB Felipe Gomez
|
0-0: Foul Ball, location: 2F 0-1: Ball 1-1: Ball 2-1: Ball 3-1: Foul Ball, location: 2F 3-2: Base on Balls
|
|
Pitching: LHP Matt Cusatis
|
|
|
Batting: RHB Amare Brown
|
0-0: Called Strike Felipe Gomez steals 2nd base 0-1: Ball 1-1: Called Strike 1-2: SINGLE (Groundball, 6MD, EV 101.9 MPH) Felipe Gomez to third Runner from 3rd tries for Home, SAFE, throw by CF to home
|
|
Batting: RHB Edgardo Rivera
|
0-0: Ball Wild Pitch! Amare Brown to second 1-0: Foul Ball, location: 2F 1-1: Called Strike 1-2: Ground out 4-3 (Groundball, 4S, EV 78.8 MPH) Amare Brown to third
|
|
Batting: SHB Steve Salafia
|
0-0: Swinging Strike 0-1: SINGLE (Groundball, 56D, EV 94.4 MPH) Amare Brown scores
|
|
Batting: RHB Jon Coleman
|
0-0: Foul Ball, location: 2F 0-1: Swinging Strike 0-2: Foul Ball, location: 2F 0-2: Ball 1-2: Ball 2-2: Strikes out swinging
|
|
Batting: SHB Berthold Frey
|
0-0: Ball 1-0: Foul Ball, location: 2F 1-1: Ball 2-1: Swinging Strike 2-2: SINGLE (Popup, 3D, EV 71.2 MPH) Steve Salafia to second Runner from 2nd tries for 3rd, SAFE, throw by 2B made to third
|
|
Batting: RHB Alberto Malagon
|
0-0: Fielders Choice at 2nd, 5-4 (Groundball, 5, EV 96.9 MPH)
|
| Bottom of the 5th over - 2 runs, 3 hits, 0 errors, 2 left on base; Staten Island 3 - Vermont 5 |
| TOP OF THE 6TH |
|
Staten Island Yankees batting - Pitching for Vermont Lake Monsters : RHP Mike Kirk
|
|
Batting: RHB Pat Pemberton
|
0-0: Called Strike 0-1: Foul Ball, location: 2F 0-2: Strikes out looking
|
|
Batting: RHB Brad Wren
|
0-0: Swinging Strike 0-1: Ball 1-1: Swinging Strike 1-2: Foul Ball, location: 2F 1-2: Strikes out looking
|
|
Batting: SHB Adam Slade
|
0-0: Foul Ball, location: 2F 0-1: Ball 1-1: Ball 2-1: Called Strike 2-2: Fly out, F8 (Flyball, 8RM, EV 91.9 MPH)
|
| Top of the 6th over - 0 runs, 0 hits, 0 errors, 0 left on base; Staten Island 3 - Vermont 5 |
| BOTTOM OF THE 6TH |
|
Vermont Lake Monsters batting - Pitching for Staten Island Yankees : LHP Matt Cusatis
|
|
Batting: RHB Tetsuya Shinoda
|
0-0: Ball 1-0: Swinging Strike 1-1: Foul Ball, location: 2F 1-2: Strikes out swinging
|
|
Batting: RHB Ryan Jennings
|
0-0: Ball 1-0: Foul Ball, location: 2F 1-1: Ground out 5-3 (Groundball, 56S, EV 86.2 MPH)
|
|
Batting: LHB Felipe Gomez
|
0-0: Ball 1-0: Ball 2-0: Ball 3-0: Called Strike 3-1: SINGLE (Groundball, 6D, EV 103.8 MPH)
|
|
Batting: RHB Amare Brown
|
0-0: Ball 1-0: Ball 2-0: Called Strike 2-1: Ball 3-1: Fly out, F7 (Flyball, 7D, EV 106.2 MPH)
|
| Bottom of the 6th over - 0 runs, 1 hit, 0 errors, 1 left on base; Staten Island 3 - Vermont 5 |
| TOP OF THE 7TH |
|
Staten Island Yankees batting - Pitching for Vermont Lake Monsters : RHP Mike Kirk
|
|
Batting: RHB Jesus Ruiz
|
0-0: Ball 1-0: Called Strike 1-1: Swinging Strike 1-2: Foul Ball, location: 2F 1-2: Ground out 4-3 (Groundball, 4S, EV 63.8 MPH)
|
|
Batting: LHB Danny de Leon
|
0-0: Called Strike 0-1: Swinging Strike 0-2: Foul Ball, location: 2F 0-2: Ball 1-2: Ball 2-2: Ball 3-2: SINGLE (Groundball, 34D, EV 106.2 MPH)
|
|
Batting: RHB Danny Ayala
|
0-0: Ball 1-0: Ball 2-0: Fielders Choice at 2nd, 5-4 (Groundball, 5, EV 78.8 MPH)
|
|
Pitching: RHP Juan Lucero
|
|
|
Batting: LHB Carlos Palau
|
0-0: Ball 1-0: Called Strike 1-1: Ball 2-1: Foul Ball, location: 2F 2-2: Ball 3-2: Base on Balls Danny Ayala to second
|
|
Batting: RHB Norimoto Miyanishi
|
0-0: Ball 1-0: Ball 2-0: Foul Ball, location: 2F 2-1: Called Strike 2-2: Foul Ball, location: 2F 2-2: Strikes out swinging
|
| Top of the 7th over - 0 runs, 1 hit, 0 errors, 2 left on base; Staten Island 3 - Vermont 5 |
| BOTTOM OF THE 7TH |
|
Vermont Lake Monsters batting - Pitching for Staten Island Yankees : LHP Matt Cusatis
|
|
Batting: RHB Edgardo Rivera
|
0-0: Called Strike 0-1: Foul Ball, location: 2F 0-2: Strikes out looking
|
|
Batting: SHB Steve Salafia
|
0-0: Ball 1-0: Called Strike 1-1: Called Strike 1-2: Foul Ball, location: 2F 1-2: Ball 2-2: SOLO HOME RUN (Flyball, 7D, EV 104.4 MPH), Distance : 391 ft
|
|
Batting: RHB Jon Coleman
|
0-0: Swinging Strike 0-1: Ball 1-1: DOUBLE (Groundball, 5L, EV 104.4 MPH)
|
|
Pitching: RHP Jake Bryant
|
|
|
Batting: SHB Berthold Frey
|
0-0: Ball 1-0: Ball 2-0: Foul Ball, location: 2F 2-1: Called Strike 2-2: Ball 3-2: Strikes out swinging
|
|
Batting: RHB Alberto Malagon
|
0-0: Swinging Strike 0-1: Ball Wild Pitch! Jon Coleman to third 1-1: Swinging Strike 1-2: Strikes out swinging
|
| Bottom of the 7th over - 1 run, 2 hits, 0 errors, 1 left on base; Staten Island 3 - Vermont 6 |
| TOP OF THE 8TH |
|
Staten Island Yankees batting - Pitching for Vermont Lake Monsters : RHP Juan Lucero
|
|
Batting: LHB Justin Short
|
0-0: Ball 1-0: Foul Ball, location: 2F 1-1: Ball 2-1: Ball 3-1: Base on Balls
|
|
Batting: RHB Pat Pemberton
|
0-0: Fly out, F9 (Flyball, 89M, EV 77.5 MPH)
|
|
Batting: RHB Brad Wren
|
0-0: Called Strike 0-1: Foul Ball, location: 2F 0-2: Strikes out swinging
|
|
Batting: SHB Adam Slade
|
0-0: Ball 1-0: Ground out 4-3 (Groundball, 34, EV 103.1 MPH)
|
| Top of the 8th over - 0 runs, 0 hits, 0 errors, 1 left on base; Staten Island 3 - Vermont 6 |
| BOTTOM OF THE 8TH |
|
Vermont Lake Monsters batting - Pitching for Staten Island Yankees : RHP Jake Bryant
|
|
Batting: RHB Tetsuya Shinoda
|
0-0: Ball 1-0: Ball 2-0: Ball 3-0: Foul Ball, location: 2F 3-1: Called Strike 3-2: Strikes out swinging
|
|
Batting: RHB Ryan Jennings
|
0-0: Called Strike 0-1: Ball 1-1: Foul Ball, location: 2F 1-2: Strikes out swinging
|
|
Batting: LHB Felipe Gomez
|
0-0: Ball 1-0: Fly out, F8 (Flyball, 78M, EV 85.0 MPH)
|
| Bottom of the 8th over - 0 runs, 0 hits, 0 errors, 0 left on base; Staten Island 3 - Vermont 6 |
| TOP OF THE 9TH |
|
Staten Island Yankees batting - Pitching for Vermont Lake Monsters : RHP Juan Lucero
|
|
Pitching: RHP Bobby Feig
|
|
|
Batting: RHB Jesus Ruiz
|
0-0: Fly out, F7 (Flyball, 78D, EV 103.1 MPH)
|
|
Batting: LHB Danny de Leon
|
0-0: Ball 1-0: Ball 2-0: Ball 3-0: Base on Balls
|
|
Batting: RHB Danny Ayala
|
0-0: Swinging Strike 0-1: Ball 1-1: Swinging Strike 1-2: Foul Ball, location: 2F 1-2: Strikes out swinging
|
|
Batting: LHB Carlos Palau
|
0-0: Called Strike 0-1: Ball 1-1: Swinging Strike 1-2: Ground out 1-3 (Groundball, 13, EV 70.0 MPH)
|
| Top of the 9th over - 0 runs, 0 hits, 0 errors, 1 left on base; Staten Island 3 - Vermont 6 |
|